Description

Theoretical fastest 5-Muta --- an amount which one shots drones/scv etc...

**Quite a few people have tried this and so I decided to update to take into account all the patches in the past 3 or 4 years...

*This 'build' has the sole intention of getting to the fastest-possible 5-Mutas-In-the-Game. Use at your own, joy.

Build Order

Get SALT Encoding   

  12  0:02  Drone  
  12  0:06  Drone  
  14  0:22  Spawning Pool  
  13  0:24  Extractor  
  12  0:27  Extractor  3 to Gas
  11  0:32  Drone  
  12  0:37  Drone  
  13  0:41  Drone  1:52 = Perfect
  14  0:45  Action  3 to Each Gas (slightly early, before completion)
  14  0:48  Action  Both Extractors are complete now.
  14  1:09  Lair  Spawning Pool & 100 gas for Lair should be in sync if all went perfectly.
  14  1:14  Overlord  
  14  1:32  Drone x3  
  17  2:05  Spire, Action  If perfec: Lair will be compete & also you'll have 300 min, 300 gas for Spire
  16  2:10  Queen  from Lair
  18  2:15  Drone  
  19  2:20  Drone  
  20  2:30  Overlord  
  20  2:46  Action  Inject Larva immediately--Queen just finished
  20  3:15  Action  Larva you injected now spawn
  20  3:17  Action x2, Mutalisk x5  Spire Completes when Minerals: 530~ Gas: 499~, You'll be 30/30 supply so double extractor trick some drones and get an overlord started ASAP
  32  3:40  Action  Mutas spawn, supply 32/30; get to it; GL HF
Spawning Tool Build Advisor. Get it on Overwolf

Go to:

Details

  • Created by: MateFeedKill
  • Published on: Oct 04, 2020
  • Modified on: Jan 25, 2023
  • Patch: 4.11.0
  • Difficulty: Medium
Show
View Real Time Build Order
Export as new Build Order

Comments (4)

On March 25, 2024, 6:15 p.m., JDude  said:

After the first muta eco disruption,

Infestation pit + hydra den -to- hive lurker den -to- viper hydra lurker + mutas (scout & distract)

On Jan. 25, 2023, 5:21 p.m., MateFeedKill  said:

Many moons ago I know; but ----

@ Kotaztrafy not sure what 0:08 you mean, but if your asking "Is it supposed to be: drone to 14 then gas then pool (which would bring you down to 12 drones, having used the 13th for said pool)" then yes it is supposed to be that---mostly the the following reason:

&@MunAh -- I don't often use this version of Muta rushing; unless I feel particularly snooty at the time; it is a build quite literally is completely blind to all considerations OTHER than "fastest to 5 mutas" -- thats the straight answer; a more to digestible one is that whenever I do in fact go for Mutas in the game plan; it's almost always with the intention of Ling/Bane/Muta into Ling/Ultra/Infestor/Viper sorta thing

On May 4, 2021, 5:16 p.m., Kotaztrafy  said:

Is 0:08 supposed to be 13 rather than 12?

On Nov. 23, 2020, 8:10 a.m., MunAh  said:

What do you normally do after sending mutas?

Create an account to comment!